Map: Batalha na Prancha LE

Players

IagoAbreu

  • Race: Zerg Zerg
  • Spawn Location: 1:00

naboa

  • Race: Zerg Zerg

VOD

Have the link to the VOD?

Description

Time

  • Played on: Jan. 3, 2018, 7:58 p.m.
  • Length: 23:03
Show
View Real Time Build Order
Export as new Build Order

IagoAbreu Zerg 

Build Orders:  

Get SALT Encoding   

  12  0:28  Drone  
  13  0:32  Overlord  
  13  0:33  Drone  
  14  1:20  Drone x2  
  14  1:21  Drone  
  17  2:07  Spawning Pool  
  16  2:12  Drone  
  16  2:13  Drone x2  
  19  2:32  Extractor  
  18  2:41  Extractor  
  18  2:43  Drone  
  18  2:46  Drone  
  19  3:01  Drone  
  20  3:25  Drone  
  21  3:33  Overlord  
  21  3:55  Overlord  
  21  3:58  Queen  
  23  4:17  Overlord x2  
  23  4:42  Roach Warren  
  22  5:01  Hatchery  
  21  5:17  Zergling x2  
  21  5:18  Zergling x4  
  24  5:26  Queen  
  26  5:58  Zergling x8  
  30  7:05  Drone  
  30  7:06  Drone x4  
  35  7:24  Metabolic Boost  
  35  8:00  Roach x3  
  35  8:01  Roach x5  
  35  8:04  Drone  
  52  8:31  Evolution Chamber  
  51  8:49  Burrow  
  51  8:58  Overlord  
  51  8:59  Overlord x2  
  51  9:00  Overlord x2  
  51  9:09  Drone  
  37  10:02  Queen  
  39  10:35  Lair  
  39  11:11  Unknown  
  39  11:28  Zerg Melee Weapons Level 1  
  39  11:47  Roach  
  39  11:48  Roach, Pneumatized Carapace  
  39  11:49  Zergling x10  
  72  11:50  Zergling x12  
  54  12:13  Hatchery  
  53  13:03  Queen  
  55  13:27  Zergling x8  
  55  13:28  Zergling x12  
  55  13:29  Zergling x6  
  68  14:02  Spire  
  68  14:03  Unknown  
  45  14:29  Zergling x4  
  36  14:30  Zergling x10  
  36  14:31  Zergling x6  
  38  15:24  Spine Crawler  
  31  15:30  Roach x2  
  31  15:31  Roach x7  
  31  15:32  Roach, Zergling x6  
  31  15:33  Zergling x2  
  50  15:50  Mutalisk x3  
  54  16:02  Unknown, Mutalisk x2  
  44  16:19  Mutalisk  
  26  16:37  Mutalisk x4  
  28  16:52  Mutalisk x2  
  30  17:20  Mutalisk x3  
  32  17:48  Mutalisk  
  36  18:11  Mutalisk  
  38  18:23  Queen  
  28  19:30  Mutalisk x3  
  32  20:16  Spine Crawler  
  32  20:17  Spine Crawler  
  28  20:26  Mutalisk x4  
  28  20:27  Mutalisk  
  38  21:04  Hatchery  
  35  21:36  Mutalisk x5  
  45  21:45  Queen  
Show
View Real Time Build Order
Export as new Build Order

naboa Zerg 

Build Orders:  

Get SALT Encoding   

Tags
 
Add a new tag
Caveats
  • Supply blocks, unpowered buildings, or Contaminate may cause inaccurate times.
  • Supply counts are checked every 10 seconds.